 Dungeon Crawl Stone Soup version 0.18.1-48-g4cf74bf (webtiles) character file.

1260 Joat the Geomancer (level 8, -3/67 HPs)
             Began as a Gargoyle Earth Elementalist on Aug 10, 2016.
             Slain by an orc warrior
             ... wielding a +0 long sword
              (7 damage)
             ... on level 6 of the Dungeon.
             The game lasted 00:49:31 (5842 turns).

Joat the Geomancer (Gargoyle Earth Elementalist)    Turns: 5842, Time: 00:49:32

Health: -3/67      AC:  8    Str: 18    XL:     8   Next: 52%
Magic:  1/14       EV: 12    Int: 17    God:
Gold:   424        SH:  0    Dex: 10    Spells: 2 memorised, 11 levels left

rFire  . . .     SeeInvis .     a - +2 mace (holy)
rCold  . . .     Gourm    .     e - +0 robe
rNeg   + . .     Faith    .     (no shield)
rPois  ∞         Spirit   .     I - +0 helmet
rElec  +         Dismiss  .     (no cloak)
rCorr  .         Reflect  .     (no gloves)
SustAt .         Harm     .     (no boots)
MR     .....                    (no amulet)
Stlth  ..........               (no ring)
                                j - ring of wizardry

@: berserking (expiring), very quick, not resistant to hostile enchantments,
extremely unstealthy
A: negative energy resistance 1, electricity resistance, unbreathing,
petrification resistance, rot immunity, AC +5
a: no special abilities


You were on level 6 of the Dungeon.
You were hungry.

You visited 1 branch of the dungeon, and saw 6 of its levels.

You collected 424 gold pieces.

Inventory:

Hand Weapons
 a - a +2 mace of holy wrath (weapon)
 p - a +0 dagger
 H - a +0 short sword
 P - a +0 blowgun
Missiles
 b - 97 stones
 h - 2 throwing nets (quivered)
 y - 3 tomahawks
 M - 4 curare-tipped needles
 Q - 18 poisoned needles
Armour
 e - a +0 robe (worn)
 B - a +0 ring mail
 F - a +0 scale mail
 I - a +0 helmet (worn)
 L - a +0 chain mail
 O - a +0 leather armour
 R - a +0 plate armour
Jewellery
 j - a ring of wizardry (left hand)
Wands
 s - a wand of polymorph (9/24)
 t - a wand of disintegration (2/24)
Scrolls
 f - a scroll of magic mapping
 g - a scroll of enchant armour {unknown}
 i - a scroll of enchant weapon
 l - 9 scrolls of identify
 n - 2 scrolls of amnesia {unknown}
 o - 3 scrolls of immolation
 q - a scroll of remove curse
 u - a scroll of fear {unknown}
 v - a scroll of fog {unknown}
 z - a scroll of teleportation {unknown}
 K - a scroll of recharging {unknown}
 N - a scroll of noise {unknown}
Potions
 r - a potion of might
 A - a potion of ambrosia {unknown}
 C - 2 potions of degeneration {unknown}
 D - 8 potions of curing {unknown}
 E - a potion of agility {unknown}
 G - 4 potions of lignification {unknown}
 J - a potion of mutation {unknown}
 S - a potion of heal wounds {unknown}
 T - a potion of resistance {unknown}
Books
 c - a book of Geomancy

   Spells                             Type                      Level
   a - Sandblast                      Earth                        1
   b - Passwall                       Transmutation/Earth          2
   c - Stone Arrow                    Conjuration/Earth            3
   d - Petrify                        Transmutation/Earth          4
   e - Lee's Rapid Deconstruction     Earth                        5
Comestibles
 d - 8 bread rations
 k - 6 fruits
 w - a slice of pizza
 x - 3 meat rations


   Skills:
 + Level 2.6 Fighting
 + Level 2.2 Armour
 + Level 1.6 Dodging
 - Level 2.1 Stealth
 + Level 4.2 Spellcasting
 + Level 5.6 Conjurations
   Level 0.7 Transmutations
 + Level 8.5 Earth Magic


You had 11 spell levels left.
You knew the following spells:

 Your Spells              Type           Power        Failure   Level  Hunger
a - Sandblast             Erth           ####..       1%          1    None
z - Stone Arrow           Conj/Erth      ####..       1%          3    ###....


Dungeon Overview and Level Annotations

Branches:
Dungeon (6/15)             Temple (0/1) D:6

Altars:
Ashenzari
Gozag
Okawaru
Qazlal
Xom
Zin


Innate Abilities, Weirdness & Mutations

You are resistant to torment.
Your stone body is resilient (AC +5).
You are immune to poison.
You resist negative energy.
You are resistant to electric shocks.
You can survive without breathing.
You are immune to petrification.
You are immune to rotting.


Message History

The orc wizard hits you but does no damage.
The orc warrior barely misses you.
You closely miss the orc wizard.
The orc wizard hits you but does no damage.
You closely miss the orc wizard.
The orc warrior hits you but does no damage.
The orc wizard completely misses you.
You are feeling hungry.
You barely miss the orc wizard.
The orc priest calls upon Beogh to heal the orc warrior.
The orc warrior is healed somewhat.
The orc warrior hits you with a long sword!
* * * LOW HITPOINT WARNING * * *
The orc wizard gestures at you while chanting.
The magic dart hits you!
* * * LOW HITPOINT WARNING * * *
You barely miss the orc wizard. You closely miss the orc wizard.
The orc warrior hits you with a long sword!
You die...

##.#..# #....# ##.....# #
##..#..# #....# ##.......
####......########....###........
o..>....§.o.............'........
####...##.######†#...####........
# ##..##.#### #.##.## ##.......
#.........# #o#### ##.....#
#..######.# #o# ##...## #..#***
*,* #@# ##'### #...,,* *,*
#o########## #.### ***#.##*,***,*
#.#........# #.##. ,,,..,,,,,,,,*
#.#.#......###.#.# **##.***,*****
#.#.#.####.##...## ****,* *,*
#.#.#.####.#.....# *,,,,***,*
#.......##.##..... *,*,,,,,,*
###.#.#.##.###.#.# ,,,,,*****
#........#####.#


You could see an orc warrior, an orc priest and an orc wizard.

Vanquished Creatures
  Eustachio (D:6)
  A sky beast (D:6)
  2 phantoms
  An ogre (D:4)
  2 giant frogs (D:6)
  2 scorpions
  3 crimson imps
  An orc priest (D:6)
  2 orc wizards
  Terence (D:3)
  Natasha (thrice) (D:4)
  Ijyb (D:3)
  2 worker ants (D:5)
  6 adders
  3 gnolls (D:3)
  2 oozes
  An adder skeleton (D:5)
  2 worms
  A dart slug (D:3)
  3 giant geckos
  10 orcs
  2 ball pythons
  11 bats
  8 giant cockroaches
  5 goblins
  8 hobgoblins
  4 jackals (D:1)
  2 quokkas
  5 giant newts
  2 jackal zombies
  11 kobolds
  12 rats
120 creatures vanquished.

Notes
Turn   | Place    | Note
--------------------------------------------------------------
     0 | D:1      | Joat the Gargoyle Earth Elementalist began the quest for the Orb.
     0 | D:1      | Reached XP level 1. HP: 10/10 MP: 3/3
    63 | D:1      | Reached skill level 4 in Earth Magic
   128 | D:1      | Reached XP level 2. HP: 13/15 MP: 0/5
   993 | D:1      | Reached XP level 3. HP: 11/19 MP: 4/6
   995 | D:1      | Reached skill level 5 in Earth Magic
  1203 | D:2      | Found an opulent altar of Gozag.
  1518 | D:2      | Learned a level 3 spell: Stone Arrow
  1869 | D:2      | Reached XP level 4. HP: 20/24 MP: 0/7
  2112 | D:2      | Found a shimmering altar of Xom.
  2141 | D:2      | Reached skill level 6 in Earth Magic
  2436 | D:4      | Reached skill level 1 in Conjurations
  2792 | D:4      | Noticed Natasha
  2801 | D:4      | Killed Natasha
  2801 | D:4      | Reached XP level 5. HP: 16/28 MP: 8/8
  2934 | D:4      | Noticed a phantom
  2963 | D:4      | Killed a phantom
  3050 | D:4      | Noticed an ogre
  3064 | D:4      | Killed an ogre
  3064 | D:4      | Reached skill level 7 in Earth Magic
  3064 | D:4      | Reached XP level 6. HP: 32/32 MP: 1/9
  3178 | D:3      | Noticed Terence
  3219 | D:3      | Killed Terence
  3229 | D:3      | Found a stormy altar of Qazlal.
  3233 | D:3      | Noticed Ijyb
  3251 | D:3      | Killed Ijyb
  3950 | D:4      | Reached XP level 7. HP: 36/36 MP: 9/11
  3989 | D:4      | Noticed Natasha
  4005 | D:4      | Killed Natasha
  4086 | D:4      | Noticed Natasha
  4089 | D:4      | Killed Natasha
  4147 | D:5      | Entered Level 5 of the Dungeon
  4153 | D:5      | Found an iron altar of Okawaru.
  4510 | D:5      | Found a glowing silver altar of Zin.
  4621 | D:5      | Reached skill level 8 in Earth Magic
  4963 | D:6      | Noticed Eustachio
  4968 | D:6      | Killed Eustachio
  4968 | D:6      | Reached skill level 1 in Fighting
  4968 | D:6      | Reached skill level 1 in Armour
  4968 | D:6      | Reached skill level 5 in Conjurations
  4968 | D:6      | Reached XP level 8. HP: 37/43 MP: 3/13
  5086 | D:6      | Found a shattered altar of Ashenzari.
  5842 | D:6      | Slain by an orc warrior

Skill      XL: |  1  2  3  4  5  6  7  8 |
---------------+-------------------------+-----
Earth Magic    | 4 5 6 7 8 |  8.5
Conjurations   | 1 3 5 |  5.6
Spellcasting   | 3 4 |  4.2
Fighting       | 1 2 |  2.6
Armour         | 1 2 |  2.2
Dodging        | |  1.6
Stealth        | |  2.1
Transmutations | |  0.7

Action                   |  1- 3 |  4- 6 |  7- 9 || total
-------------------------+-------+-------+-------++-------
Melee: Unarmed           |     7 |       |       ||     7
       Short sword       |    18 |    35 |       ||    53
       Dagger            |     2 |       |       ||     2
       Mace              |       |    34 |    28 ||    62
 Cast: Sandblast         |    65 |    46 |    49 ||   160
       Stone Arrow       |       |     4 |    18 ||    22
Evoke: Wand              |     1 |       |       ||     1
  Use: Potion            |       |     1 |     1 ||     2
       Scroll            |       |       |     5 ||     5
  Eat: Chunk             |     4 |     6 |     6 ||    16
       Royal jelly       |       |     1 |       ||     1
       Pizza             |       |       |     1 ||     1
Armor: Robe              |    30 |    11 |    18 ||    59
       Ring mail         |     6 |    24 |       ||    30
       Scale mail        |       |    10 |       ||    10
Dodge: Dodged            |    53 |    48 |    33 ||   134
